 Dungeon Crawl Stone Soup version 0.29.1-15-g9cfb28693d (webtiles) character file.

Game seed: 13276420335518534282

2 Carnifexus the Sneak (level 1, -3/18 HPs)
             Began as a Demonspawn Delver on Mar 24, 2023.
             Slain by an iguana (7 damage)
             ... on level 4 of the Dungeon.
             The game lasted 00:01:24 (283 turns).

Carnifexus the Sneak (Demonspawn Delver)             Turns: 283, Time: 00:01:24

Health: -3/18      AC:  7    Str: 12    XL:     1   Next: 25%
Magic:  1/1        EV: 11    Int: 11    God:
Gold:   35         SH:  0    Dex: 14    Spells: 0/0 levels left

rFire   . . .      SeeInvis .   a - +0 falchion
rCold   . . .      Faith    .   (no shield)
rNeg    . . .      Spirit   .   b - +0 leather armour
rPois   .          Reflect  .   (no helmet)
rElec   .          Harm     .   (no cloak)
rCorr   .          Rampage  .   (no gloves)
Will    .....                   (no boots)
Stlth   +++.......              (no amulet)
HPRegen 0.06/turn               h - +4 ring of protection
MPRegen 0.07/turn               (no ring)

@: no status effects
A: no striking features
a: no special abilities


You were on level 4 of the Dungeon.
You visited 1 branch of the dungeon, and saw 2 of its levels.

You collected 35 gold pieces.

Inventory:

Hand Weapons
 a - a +0 falchion (weapon)
 i - a +0 long sword
Armour
 b - a +0 leather armour (worn)
Jewellery
 h - a +4 ring of protection (left hand)
 k - an amulet of guardian spirit
Wands
 g - a wand of digging (3)
Scrolls
 c - a scroll of fog
 d - a scroll of magic mapping
 e - a scroll of fear
Potions
 f - a potion of haste
 j - a potion of curing {unknown}


   Skills:
 + Level 3.0 Fighting
 + Level 1.7 Long Blades
 + Level 1.7 Dodging
 + Level 4.6 Stealth


You couldn't memorise any spells.
You didn't know any spells.
Your spell library was empty.

Dungeon Overview and Level Annotations

Branches:
Dungeon (5/15)
 Temple: D:4-7

Altars:

Annotations:
D:5 Pikel


Message History

The jackal barks!
You hit the jackal. You punch the jackal, but do no damage.
The jackal is heavily wounded.
The jackal bites you but does no damage. x2
You hit the jackal.
You kill the jackal!
The iguana bites you.
You hit the iguana.
The iguana is lightly wounded.
The iguana closely misses you.
You hit the iguana but do no damage.
The iguana is lightly wounded.
The iguana bites you but does no damage.
You hit the iguana but do no damage.
The iguana is lightly wounded.
The iguana bites you but does no damage.
You barely miss the iguana.
The iguana is lightly wounded.
The iguana closely misses you.
The iguana bites you but does no damage.
You barely miss the iguana.
The iguana is lightly wounded.
The iguana bites you.
* * * LOW HITPOINT WARNING * * *
You closely miss the iguana.
The iguana is lightly wounded.
The iguana closely misses you.
You barely miss the iguana.
The iguana is lightly wounded.
The iguana closely misses you.
You hit the iguana but do no damage.
The iguana is lightly wounded.
The iguana closely misses you.
You hit the iguana but do no damage.
The iguana is lightly wounded.
The iguana barely misses you. The iguana closely misses you.
You hit the iguana.
The iguana is moderately wounded.
The iguana bites you!
You die...

..#####..#.......#
#. ##.#........#
.. ####.....# .# #
K# #.....l.## .###
.# . ##..?.#.##
.#.#...
#.)..###.[# .....
...)###....### ..?
............h##.#
#..........hKl@.#
#. ...###..####.#
.## #.## ..# #..#
#.# #..# .. #..#
... ... .#. .##.


You could see an iguana, 2 jackals and a kobold.

Vanquished Creatures
  A jackal (D:4)
  A goblin (D:4)
2 creatures vanquished.

Notes
Turn   | Place    | Note
-------+----------+-------------------------------------------
     0 | D:5      | Carnifexus the Demonspawn Delver began the quest for the
                  | Orb.
     0 | D:5      | Reached XP level 1. HP: 18/18 MP: 1/1
    23 | D:5      | Noticed an iguana
   108 | D:5      | Noticed a phantom
   115 | D:5      | Noticed Pikel
   115 | D:5      | Noticed a lemure
   116 | D:5      | Noticed a lemure
   116 | D:5      | Noticed a lemure
   117 | D:5      | Noticed a lemure
   118 | D:5      | Noticed a black bear
   160 | D:5      | Noticed an iguana
   245 | D:4      | Noticed an iguana
   283 | D:4      | Slain by an iguana

Illustrated notes

Levels and vault maps discovered:
D:4:      layout_layer_cave
D:5:      minmay_clustersquares, layout_basic, serial_shops, kennysheep_mini,
          minmay_small_thing, uniq_pikel, uniq_grinder

Action                   || total
-------------------------++-------
Melee: Falchion          ||    16
       Punch             ||     1
Armor: Leather armour    ||     9
Dodge: Dodged            ||     9
